 Dungeon Crawl Stone Soup version 0.20.0-15-g7f486f2 (webtiles) character file.

41264 mottsauce the Brawler (level 13, -9/139 HPs)
             Began as a Troll Berserker on June 11, 2017.
             Was a High Priest of Trog.
             Mangled by an elephant (12 damage)
             ... on level 6 of the Lair of Beasts.
             The game lasted 01:49:42 (16722 turns).

mottsauce the Brawler (Troll Berserker)            Turns: 16722, Time: 01:49:43

Health: -9/139     AC:  8    Str: 34    XL:     13   Next: 79%
Magic:  12/12      EV: 10    Int:  3    God:    Trog [*****.]
Gold:   916        SH:  8    Dex: 18    Spells: 12/12 levels left

rFire    . . .     SeeInvis +   V - +1 giant spiked club
rCold    x . .     Gourm    +   (shield currently unavailable)
rNeg     + + .     Faith    .   W - +1 acid dragon scales
rPois    +         Spirit   .   r - +0 hat {MR+}
rElec    .         Reflect  +   w - +0 cloak {+Inv}
rCorr    +         Harm     .   (gloves unavailable)
MR       +....     Clarity  +   (boots unavailable)
Stlth    +.........             U - +4 amulet of reflection
Regen    0.8/turn               G - ring "Yzepsull" {Fire Dex+5}
MPRegen  0.2/turn               z - ring "Xowk" {rPois rF- rN++ Str+6}

@: about to teleport, berserk cooldown, very slightly contaminated, slowed, very
slow
A: unfitting armour, claws 3, large bone plates 1, see invisible, clarity,
deformed body, fast metabolism 3, gourmand, regeneration 1, shaggy fur 1, tough
skin 2
a: Berserk, Trog's Hand, Brothers in Arms, Burn Spellbooks, Renounce Religion,
Evoke Invisibility


You were on level 6 of the Lair of Beasts.
You worshipped Trog.
Trog was extremely pleased with you.
You were very full.

You visited 2 branches of the dungeon, and saw 17 of its levels.
You also visited: Labyrinth, Ossuary and Volcano.

You collected 916 gold pieces.

Inventory:

Hand Weapons
 V - a +1 giant spiked club (weapon)
   (You took it off an ogre on level 10 of the Dungeon)
Missiles
 S - 7 large rocks (quivered)
Armour
 r - a +0 hat of magic resistance (worn)
   (You took it off Gastronok on level 2 of the Lair of Beasts)
 w - a +0 cloak of invisibility (worn)
   (You took it off Crazy Yiuf on level 3 of the Dungeon)
 W - +1 acid dragon scales (worn)
   (You found it on level 9 of the Dungeon)
 X - a +2 robe of magic resistance
   (You found it in a labyrinth)
Jewellery
 p - the amulet of Osmikywi {+Rage rPois rC+}
   (You found it in a labyrinth)

   [amulet of rage]

   It protects you from cold.
   It protects you from poison.
   It lets you go berserk.
 z - the ring "Xowk" (right claw) {rPois rF- rN++ Str+6}
   (You acquired it on level 5 of the Lair of Beasts)

   [ring of poison resistance]

   It affects your strength (+6).
   It makes you vulnerable to fire.
   It protects you from poison.
   It greatly protects you from negative energy.
 G - the ring "Yzepsull" (left claw) {Fire Dex+5}
   (You found it in a labyrinth)

   [ring of fire]

   It enhances your fire magic.
   It affects your dexterity (+5).
   It protects you from fire.
   It makes you vulnerable to cold.
 Q - an uncursed amulet of guardian spirit
   (You found it on level 7 of the Dungeon)
 U - a +4 amulet of reflection (around neck)
   (You found it on level 10 of the Dungeon)
 Y - an uncursed ring of ice
   (You acquired it on level 5 of the Lair of Beasts)
Wands
 d - a wand of iceblast (7/15)
   (You found it on level 6 of the Dungeon)
 f - a wand of lightning (1/15)
   (You found it in a labyrinth)
 j - a wand of confusion (10/48)
   (You found it in a labyrinth)
 t - a wand of flame (20/48)
   (You found it on level 3 of the Lair of Beasts)
 v - a wand of digging (21/24)
   (You took it off Maurice on level 8 of the Dungeon)
 x - a wand of acid (5/15)
   (You found it on level 10 of the Dungeon)
 y - a wand of confusion (29/48)
   (You found it on level 10 of the Dungeon)
 B - a wand of confusion (14/48)
   (You found it in a labyrinth)
 C - a wand of scattershot (5/9)
   (You found it on level 5 of the Dungeon)
 H - a wand of scattershot (2/9)
   (You took it off Sonja on level 2 of the Lair of Beasts)
 J - a wand of acid (4/15)
   (You found it on level 1 of the Lair of Beasts)
 O - a wand of polymorph (14/24)
   (You found it on level 7 of the Dungeon)
 P - a wand of flame (39/48)
   (You found it on level 5 of the Lair of Beasts)
Scrolls
 a - a scroll of identify {@r1}
 e - 12 scrolls of teleportation {@r4}
 m - a scroll of silence
 s - a scroll of immolation {!r}
 E - 8 scrolls of remove curse {@r2}
 L - a scroll of magic mapping
 R - 2 scrolls of recharging
 Z - a scroll of fog
Potions
 c - 5 potions of brilliance
 g - 2 potions of resistance
 i - 2 potions of flight
 n - a potion of mutation {!q}
 u - 3 potions of heal wounds {@q2}
 A - 5 potions of curing {@q1}
 F - 2 potions of ambrosia
 M - a potion of agility
 N - 2 potions of berserk rage
Miscellaneous
 T - a phantom mirror
Comestibles
 q - 11 bread rations
 I - 25 fruits
 K - 9 meat rations


   Skills:
 + Level 11.8 Fighting
 - Level 3.0 Maces & Flails
 - Level 2.4 Dodging
 * Level 18.3 Unarmed Combat


You had 12 spell levels left.
You didn't know any spells.

Dungeon Overview and Level Annotations

Branches:
Dungeon (11/15)            Temple (0/1) D:7            Lair (6/6) D:9
  Swamp (0/4) Lair:2        Snake (0/4) Lair:2          Orc (0/2) D:9
  Slime: Lair:5-6

Altars:
Dithmenos
Elyvilon
Nemelex Xobeh
Okawaru
Qazlal
Ru
Sif Muna
Xom

Shops:
D:4 %%:=


Innate Abilities, Weirdness & Mutations

You are too large for most types of armour.
You have claws for hands.
Your metabolism is lightning-fast.
You like to eat raw meat.
Your natural rate of healing is unusually fast.
You are covered in fur. (AC +1)
You have very tough skin. (AC +2)
You are partially covered in large bone plates. (SH +4)
You have supernaturally acute eyesight. (SInv)
You possess an exceptional clarity of mind.
Armour fits poorly on your strangely shaped body.


Message History

The seven-headed hydra bites you.
* * * LOW HITPOINT WARNING * * *
You block the hippogriff's attack. The hippogriff pecks you.
* * * LOW HITPOINT WARNING * * *
The hippogriff claws you but does no damage.
The elephant closely misses you. x2; Your ogre misses the water moccasin.
The elephant closely misses you.
The elephant trunk-slaps you but does no damage.
The water moccasin bites your ogre.
Your ogre is poisoned.
The water moccasin poisons your ogre!
You block the seven-headed hydra's attack.
The seven-headed hydra bites you but does no damage.
You block the seven-headed hydra's attack.
The seven-headed hydra misses you.
The seven-headed hydra bites you but does no damage.
The seven-headed hydra bites you.
* * * LOW HITPOINT WARNING * * *
The seven-headed hydra misses you. The hippogriff barely misses you.
The hippogriff pecks you.
* * * LOW HITPOINT WARNING * * *
The hippogriff misses you. The elephant tramples you!
* * * LOW HITPOINT WARNING * * *
You hold your ground!
The elephant trunk-slaps you but does no damage.
The water moccasin seems to regain its courage.
Your ogre barely misses the water moccasin.
The water moccasin bites your ogre!
Your ogre looks as sick as possible!
The water moccasin poisons your ogre! The spiny frog stings your ogre!
Your ogre dies!
Your ogre's corpse disappears in a puff of smoke!
The elephant barely misses you. The elephant trunk-slaps you.
* * * LOW HITPOINT WARNING * * *
The yak gores you.
* * * LOW HITPOINT WARNING * * *
The seven-headed hydra bites you.
* * * LOW HITPOINT WARNING * * *
The seven-headed hydra bites you but does no damage.
The seven-headed hydra misses you.
The seven-headed hydra barely misses you.
You block the seven-headed hydra's attack.
The seven-headed hydra barely misses you.
You block the seven-headed hydra's attack.
You block the hippogriff's attack.
The hippogriff pecks you but does no damage.
The hippogriff claws you.
* * * LOW HITPOINT WARNING * * *
The elephant tramples you!
You die...

. #. .####. #/....F. .
P.#.#.##...8... ..
....#........ ...
...#....... ....
######...8...####.
.....#.8.##...t........
....#....$..tYYY.......
#P..8.<..+.8D@F8..8!..
####.....#...§H§§.....
##.8.#.....S.......
#...###..8....##.#
#...# #.......# # ....#
#.#....... #.....
####...8... ##...P
##...... ......


You could see a seven-headed hydra, 2 elephants, a hippogriff, a yak, a spiny
frog (unaware), a blink frog, a water moccasin and 2 crocodiles.

Vanquished Creatures
  Gastronok (Lair:2)
  A minotaur (Lab)
  3 two-headed ogres
  Erica (D:9)
  A queen ant (Lair:3)
  6 death yaks (Lair:5)
  A tengu warrior (D:11)
  Sonja (Lair:2)
  The ghost of Shayle the Cleaver, a novice HOMo (D:8)
  A fire crab (Volcano)
  Pikel (D:9)
  2 lindwurms
  2 cyclopes
  7 elephants
  3 black mambas (Lair:3)
  Maurice (D:8)
  2 molten gargoyles (Volcano)
  5 spiny frogs
  2 rime drakes
  A komodo dragon (Lair:2)
  A polar bear (Lair:4)
  Grinder (D:3)
  Prince Ribbit (D:7)
  4 hippogriffs
  6 blink frogs
  5 dream sheep (Lair:5)
  A wraith (D:11)
  3 wyverns (Lair:3)
  13 yaks
  Grum (D:8)
  5 fire bats (Volcano)
  A steam dragon (Volcano)
  A hungry ghost (D:11)
  3 basilisks
  4 nagas (Lair:2)
  20 soldier ants (Lair:3)
  Edmund (D:4)
  11 water moccasins
  2 hell hounds (Volcano)
  11 porcupines
  Duvessa (D:4)
  2 orc warriors (D:6)
  3 ice beasts
  A phantom (D:5)
  A sky beast (D:10)
  A slave (D:9)
  7 ogres
  11 wolves
  4 centaurs
  8 crocodiles
  A big kobold (D:7)
  2 elf zombies (Ossuary)
  13 bullfrogs
  Dowan (D:4)
  4 scorpions
  21 killer bees
  7 wights
  An electric eel (Lair:2)
  6 howler monkeys
  2 lava snakes (Volcano)
  2 crimson imps
  A human zombie (Ossuary)
  2 jellies
  A gnoll shaman (D:10)
  6 hounds
  A quasit (D:7)
  4 orc priests
  5 orc wizards
  Crazy Yiuf (D:3)
  A bullfrog skeleton (D:7)
  5 iguanas
  Natasha (thrice) (D:2)
  Ijyb (D:3)
  22 worker ants
  A big kobold zombie (Ossuary)
  A killer bee zombie (D:10)
  A hound skeleton (D:5)
  2 mummies (Ossuary)
  A worker ant zombie (D:8)
  Robin (D:2)
  3 gnolls (D:10)
  15 adders
  2 shadow imps
  2 white imps (D:11)
  3 oozes (D:2)
  An adder skeleton (D:8)
  3 adder zombies
  4 dart slugs
  4 worms
  5 leopard geckos
  26 orcs
  4 giant cockroaches
  18 goblins
  12 hobgoblins
  11 jackals
  14 kobolds
  4 quokkas
  2 ball pythons (D:1)
  5 bats
  2 frilled lizards
  10 hobgoblin zombies (Ossuary)
  A jackal skeleton (D:6)
  12 kobold zombies (Ossuary)
  A leopard gecko skeleton (D:7)
  6 orc zombies (Ossuary)
  A quokka skeleton (D:8)
  11 rats
  3 rat zombies (Ossuary)
482 creatures vanquished.

Vanquished Creatures (collateral kills)
  2 hydras
  Nergalle (Lair:1)
  An elephant (Lair:6)
  A porcupine (Lair:2)
5 creatures vanquished.

Vanquished Creatures (others)
  A water moccasin (D:9)
  A fungus (Lair:3)
  2 plants (D:2)
4 creatures vanquished.

Grand Total: 491 creatures vanquished

Notes
Turn   | Place    | Note
-------+----------+-------------------------------------------
     0 | D:1      | mottsauce the Troll Berserker began the quest for the Orb.
     0 | D:1      | Reached XP level 1. HP: 22/22 MP: 0/0
   119 | D:1      | Reached XP level 2. HP: 29/29 MP: 1/1
   677 | D:2      | Reached XP level 3. HP: 36/36 MP: 2/2
   686 | D:2      | Reached skill level 4 in Unarmed Combat
   757 | D:2      | Reached ** piety under Trog
   858 | D:2      | Noticed Robin
   918 | D:2      | Killed Robin
   918 | D:2      | Reached XP level 4. HP: 36/45 MP: 3/3
  1035 | D:2      | Noticed Natasha
  1046 | D:2      | Killed Natasha
  1046 | D:2      | Reached skill level 5 in Unarmed Combat
  1046 | D:2      | Reached XP level 5. HP: 52/53 MP: 4/4
  1313 | D:2      | Noticed Natasha
  1324 | D:2      | Killed Natasha
  1430 | D:2      | Noticed Natasha
  1434 | D:2      | Killed Natasha
  1434 | D:2      | Reached *** piety under Trog
  1477 | D:3      | Noticed Grinder
  1497 | D:3      | Paralysed by Grinder for 7 turns
  1508 | D:3      | Paralysed by Grinder for 3 turns
  1680 | D:3      | Killed Grinder
  1680 | D:3      | Reached skill level 6 in Unarmed Combat
  1680 | D:3      | Reached XP level 6. HP: 62/62 MP: 5/5
  1879 | D:3      | Noticed Ijyb
  1889 | D:3      | Killed Ijyb
  2033 | D:3      | Found a runed door.
  2365 | D:3      | Noticed Crazy Yiuf
  2368 | D:3      | Killed Crazy Yiuf
  2368 | D:3      | Reached XP level 7. HP: 70/70 MP: 6/6
  2449 | D:4      | Reached skill level 7 in Unarmed Combat
  2533 | D:4      | Found a sand-covered staircase.
  2580 | D:4      | Noticed Duvessa
  2583 | D:4      | Noticed Dowan
  2592 | D:4      | Killed Duvessa
  2611 | D:4      | Killed Dowan
  2613 | D:4      | Found Yshreoxu's Food Boutique.
  2658 | D:4      | Reached skill level 8 in Unarmed Combat
  2708 | Ossuary  | Entered an ossuary
  2821 | Ossuary  | Reached skill level 5 in Fighting
  2821 | Ossuary  | Reached XP level 8. HP: 74/80 MP: 7/7
  2863 | Ossuary  | Reached **** piety under Trog
  3307 | D:4      | Found Buiny's Book Shoppe.
  3319 | D:4      | Noticed Edmund
  3326 | D:4      | Found a shadowy altar of Dithmenos.
  3327 | D:4      | Killed Edmund
  3330 | D:4      | Reached skill level 9 in Unarmed Combat
  3476 | D:4      | Found Icelixt's Jewellery Shop.
  3509 | D:4      | Found Ycrakiw's Food Boutique.
  3636 | D:5      | Entered Level 5 of the Dungeon
  3930 | D:5      | Reached skill level 10 in Unarmed Combat
  4250 | D:6      | Found a shimmering altar of Xom.
  4320 | D:6      | Reached XP level 9. HP: 71/89 MP: 8/8
  5296 | D:7      | Found a stormy altar of Qazlal.
  5297 | D:7      | Found an iron altar of Okawaru.
  5298 | D:7      | Found a white marble altar of Elyvilon.
  5298 | D:7      | Found a sacrificial altar of Ru.
  5565 | D:7      | Noticed Prince Ribbit
  5587 | D:7      | Killed Prince Ribbit
  5587 | D:7      | Reached skill level 11 in Unarmed Combat
  5670 | D:7      | Noticed a cyclops
  5690 | D:7      | Killed a cyclops
  5794 | D:7      | You fall through a shaft!
  5890 | D:7      | Found a staircase to the Ecumenical Temple.
  6110 | D:7      | Found a deep blue altar of Sif Muna.
  6188 | D:8      | Noticed a two-headed ogre
  6192 | D:8      | Killed a two-headed ogre
  6192 | D:8      | Reached skill level 12 in Unarmed Combat
  6192 | D:8      | Reached XP level 10. HP: 102/102 MP: 3/9
  6305 | D:8      | Noticed Maurice
  6315 | D:8      | Killed Maurice
  6399 | D:8      | Noticed Grum
  6417 | D:8      | Killed Grum
  6493 | D:8      | Noticed a two-headed ogre
  6494 | D:8      | Found a sparkling altar of Nemelex Xobeh.
  6504 | D:8      | Killed a two-headed ogre
  6504 | D:8      | Reached skill level 13 in Unarmed Combat
  6844 | D:8      | Noticed Shayle's ghost (novice HOMo)
  6854 | D:8      | Killed Shayle's ghost
  7162 | D:9      | Noticed Pikel
  7178 | D:9      | Killed Pikel
  7276 | D:9      | Noticed Erica
  7283 | D:9      | Killed Erica
  7283 | D:9      | Reached XP level 11. HP: 113/113 MP: 10/10
  7409 | D:9      | Found a staircase to the Lair.
  7491 | D:9      | Found a staircase to the Orcish Mines.
  7654 | D:10     | Entered Level 10 of the Dungeon
  7884 | D:10     | Reached skill level 14 in Unarmed Combat
  7891 | D:10     | Reached ***** piety under Trog
  9239 | D:10     | Reached skill level 1 in Maces & Flails
  9397 | D:10     | Noticed a two-headed ogre
  9404 | D:10     | Killed a two-headed ogre
  9785 | D:11     | Noticed a tengu warrior
  9798 | D:11     | Killed a tengu warrior
  9798 | D:11     | Reached skill level 15 in Unarmed Combat
  9852 | D:11     | Received a gift from Trog
 10012 | Lair:1   | Entered Level 1 of the Lair of Beasts
 10637 | Lair:1   | Reached XP level 12. HP: 126/126 MP: 11/11
 10825 | Lair:1   | Noticed an eight-headed hydra
 10832 | Lair:1   | Killed an eight-headed hydra
 10836 | Lair:1   | Noticed Nergalle
 10840 | Lair:1   | Killed Nergalle
 11320 | Lair:2   | Reached skill level 10 in Fighting
 11473 | Lair:2   | Noticed Sonja
 11482 | Lair:2   | Killed Sonja
 11482 | Lair:2   | Reached skill level 16 in Unarmed Combat
 11520 | Lair:2   | Found a staircase to the Snake Pit.
 11791 | Lair:2   | Noticed Gastronok
 11800 | Lair:2   | Killed Gastronok
 12163 | Lair:2   | Found a staircase to the Swamp.
 12425 | Lair:3   | Found a labyrinth entrance.
 12434 | Lab      | Entered a labyrinth
 12573 | Lab      | Noticed a minotaur
 12580 | Lab      | Killed a minotaur
 12583 | Lab      | Got a steaming ruby amulet
 12583 | Lab      | Got a smoking iron ring
 12605 | Lab      | Identified the amulet of Osmikywi {+Rage rPois rC+} (You found it in a labyrinth)
 12609 | Lab      | Identified the ring "Yzepsull" {Fire Dex+5} (You found it in a labyrinth)
 12662 | Lair:3   | Found a dark tunnel.
 12686 | Volcano  | Entered a volcano
 13162 | Volcano  | Found a radiant altar of Vehumet.
 13642 | Lair:3   | Gained mutation: Armour fits poorly on your strangely shaped body. [potion of mutation]
 13642 | Lair:3   | Gained mutation: You possess an exceptional clarity of mind. [potion of mutation]
 13642 | Lair:3   | Gained mutation: You have supernaturally acute eyesight. (SInv) [potion of mutation]
 13642 | Lair:3   | Gained mutation: You are partially covered in large bone plates. (SH +4) [potion of mutation]
 13899 | Lair:3   | Reached skill level 17 in Unarmed Combat
 13910 | Lair:3   | Reached XP level 13. HP: 132/136 MP: 12/12
 14252 | Lair:3   | Received a gift from Trog
 15830 | Lair:5   | Identified 2 scrolls of acquirement
 15838 | Lair:5   | Got a wavering lead ring
 15840 | Lair:5   | Identified the ring "Xowk" {rPois rF- rN++ Str+6} (You acquired it on level 5 of the Lair of Beasts)
 15921 | Lair:5   | Reached skill level 18 in Unarmed Combat
 16366 | Lair:5   | Received a gift from Trog
 16697 | Lair:6   | Entered Level 6 of the Lair of Beasts
 16722 | Lair:6   | HP: 6/139 [yak (4)]
 16722 | Lair:6   | Mangled by an elephant

Skill      XL: |  1  2  3  4  5  6  7  8  9 10 11 12 13 |
---------------+----------------------------------------+-----
Unarmed Combat | 4 5 6 8 10 12 13 15 17 18 | 18.3
Fighting       | 3 4 5 6 7 8 9 10 11 | 11.8
Maces & Flails | 3 |  3.0
Dodging        | |  2.4

Action                   |  1- 3 |  4- 6 |  7- 9 | 10-12 | 13-15 || total
-------------------------+-------+-------+-------+-------+-------++-------
Melee: Unarmed           |   129 |   131 |   310 |   506 |   247 ||  1323
       Punch             |     1 |     2 |    11 |    52 |    31 ||    97
       Giant spiked club |       |       |       |    17 |     5 ||    22
Throw: Large rock        |       |       |       |     3 |       ||     3
Invok: Berserk           |       |     5 |     9 |    23 |     5 ||    42
       Trog's Hand       |       |     4 |     4 |     7 |       ||    15
       Brothers in Arms  |       |       |       |     2 |     3 ||     5
       Burn Spellbooks   |       |       |       |     2 |     1 ||     3
Evoke: Wand              |       |       |       |     8 |       ||     8
  Use: Scroll            |       |     2 |     6 |    23 |    11 ||    42
       Potion            |       |       |       |    10 |     3 ||    13
 Stab: Sleeping          |     1 |       |     3 |     2 |     1 ||     7
       Invisible         |       |       |       |     2 |       ||     2
       Distracted        |       |       |       |     1 |       ||     1
  Eat: Chunk             |    13 |    20 |    45 |    80 |    32 ||   190
       Bread ration      |       |       |       |     4 |       ||     4
       Royal jelly       |       |       |       |     1 |       ||     1
Armor: Animal skin       |    42 |    28 |    86 |    22 |       ||   178
       Acid dragon scale |       |       |       |   169 |    69 ||   238
       Robe              |       |       |       |     2 |       ||     2
Dodge: Dodged            |    64 |    51 |   138 |   233 |   112 ||   598
Block: Other             |       |       |       |     2 |    51 ||    53
